 Dungeon Crawl Stone Soup version 0.28.0-43-g3370ac3207 (webtiles) character file.

Game seed: 6656660371304480660

171 ZappyNine the Gusty (level 5, -3/30 HPs)
             Began as a Tengu Air Elementalist on Mar 21, 2022.
             Slain by Menkaure (16 damage)
             ... on level 4 of the Dungeon.
             The game lasted 00:05:21 (3628 turns).

ZappyNine the Gusty (Tengu Air Elementalist)        Turns: 3628, Time: 00:05:21

Health: -3/30      AC:  4    Str:  5 (8)  XL:     5   Next: 51%
Magic:  10/10      EV: 14    Int: 15 (17) God:
Gold:   92         SH:  0    Dex: 14 (15) Spells: 1/9 levels left

rFire   . . .      SeeInvis .   e - +4 quarterstaff (chaos)
rCold   . . .      Faith    .   (shield currently unavailable)
rNeg    . . .      Spirit   .   a - +1 robe
rPois   .          Reflect  .   (helmet restricted)
rElec   .          Harm     .   h - +0 cloak
rCorr   .          Rampage  .   (no gloves)
Will    .....                   (boots unavailable)
Stlth   +.........              (no amulet)
HPRegen 0.10/turn               (no ring)
MPRegen 0.12/turn               (no ring)

@: confused, brilliant, ambrosia-drunk, flying quickly and evasively, quick
A: beak, talons 3, nimble flight
a: no special abilities


You were on level 4 of the Dungeon.
You visited 1 branch of the dungeon, and saw 4 of its levels.

You collected 92 gold pieces.

Inventory:

Hand Weapons
 e - a +4 quarterstaff of chaos (weapon)
Armour
 a - a +1 robe (worn)
 h - a +0 cloak (worn)
Scrolls
 f - a scroll of enchant armour
Potions
 d - a potion of haste
 j - a potion of flight


   Skills:
 - Level 1.8 Fighting
 - Level 0.9 Armour
 - Level 2.1 Dodging
 - Level 2.0 Stealth
 - Level 2.7 Spellcasting
 - Level 3.0 Conjurations
 + Level 1.9 Fire Magic
 + Level 5.4 Air Magic


You had one spell level left.
You knew the following spells:

 Your Spells              Type           Power      Damage    Failure   Level
a - Shock                 Conj/Air       88%        1d8       3%          1
b - Swiftness             Air            27%        N/A       7%          3
c - Static Discharge      Conj/Air       22%        N/A       5%          2
d - Scorch                Fire           22%        2d6       14%         2

Your spell library contained the following spells:

 Spells                   Type           Power      Damage    Failure   Level
 Conjure Flame            Conj/Fire      14%        6-21      22%         3
 Airstrike                Air            13%        N/A       22%         4
 Ignite Poison            Fire/Tmut/Pois 5%         N/A       43%         3
 Flame Wave               Conj/Fire      14%        2d6       58%         4
 Sticky Flame             Conj/Fire      14%        2d4       58%         4
 Summon Cactus Giant      Summ           1%         N/A       100%        6


Dungeon Overview and Level Annotations

Branches:
Dungeon (4/15)
 Temple: D:4-7

Altars:

Annotations:
D:4 Menkaure


Innate Abilities, Weirdness & Mutations

You have a beak for a mouth.
You have claws for feet.
Your magical nature lets you fly swiftly and evasively.


Message History

A goblin comes into view. It is wielding a +0 club.
The goblin shouts!
An orc comes into view. It is wielding a +0 hand axe.
The orc shouts!
Casting: Static Discharge (safe; 4% risk of failure)
Confirm with . or Enter, or press ? or * to list all spells.
Aiming: Shock (safe; 3% risk of failure)
Press: ? - help, Shift-Dir - straight line, f/p - ogre
Aim: an ogre, wielding a +0 giant spiked club (heavily wounded, 86% to hit)
The zap misses the goblin.
The zap hits the ogre.
The ogre is severely wounded.
The zap hits the orc.
The orc is heavily wounded.
Menkaure, Prince of Dust comes into view.
Found a scroll of identify.
Okay, then.
It was a potion of degeneration.
There was something very wrong with that liquid.
You feel weakened.
You feel dopey.
You feel clumsy. The goblin hits you with a +0 club.
* * * LOW HITPOINT WARNING * * *
Unknown command.
Menkaure calls on the powers of darkness!
You feel a surge of unholy energy.
The goblin convulses!
It was a potion of brilliance.
You feel clever all of a sudden. The goblin hits you but does no damage.
Unknown command.
Unknown command.
It was a potion of ambrosia.
You are confused.
You feel invigorated. The goblin hits you with a +0 club.
* * * LOW HITPOINT WARNING * * *
Unknown command.
You're too confused to move!
The goblin misses you.
You sock Menkaure! You burn Menkaure. Your peck misses Menkaure.
Menkaure is heavily damaged.
Menkaure hits you!
Ouch! That really hurt!
You die...

###########
#Og@M...?.#
#o#######.#
#.# #o# #.#
#.# #########
#.#
#.......######
#.#
#.#####....<.<
#.# ##.##
########


You could see an ogre, Menkaure, an orc and a goblin.

Vanquished Creatures
  Crazy Yiuf (D:3)
  A centaur skeleton (D:4)
  5 adders
  2 worms
  3 dart slugs
  5 bats
  5 endoplasms
  4 giant cockroaches
  6 goblins
  10 hobgoblins
  2 quokkas
  7 ball pythons
  A frilled lizard (D:3)
  A kobold (D:2)
  4 rats
57 creatures vanquished.

Notes
Turn   | Place    | Note
-------+----------+-------------------------------------------
     0 | D:1      | ZappyNine the Tengu Air Elementalist began the quest for
                  | the Orb.
     0 | D:1      | Reached XP level 1. HP: 10/10 MP: 4/4
   166 | D:1      | Reached XP level 2. HP: 16/16 MP: 1/6
   405 | D:1      | Reached skill level 1 in Fighting
   447 | D:1      | Reached XP level 3. HP: 9/20 MP: 2/7
   696 | D:1      | Learned a level 3 spell: Swiftness
  1085 | D:1      | Found a faded altar of an unknown god.
  1177 | D:2      | Learned a level 2 spell: Static Discharge
  1854 | D:2      | Reached XP level 4. HP: 21/25 MP: 2/8
  2334 | D:3      | Learned a level 2 spell: Scorch
  3081 | D:3      | Gained mutation: Your magical nature lets you fly swiftly
                  | and evasively. [Tengu growth]
  3081 | D:3      | Reached XP level 5. HP: 26/30 MP: 10/10
  3130 | D:3      | Found a runed translucent door.
  3131 | D:3      | Noticed Crazy Yiuf
  3189 | D:3      | Killed Crazy Yiuf
  3190 | D:3      | Reached skill level 1 in Fire Magic
  3190 | D:3      | Reached skill level 5 in Air Magic
  3589 | D:4      | Noticed an ogre
  3621 | D:4      | Noticed Menkaure
  3623 | D:4      | HP: 1/30 [goblin/+0 club (4)]
  3628 | D:4      | Slain by Menkaure

Illustrated notes

Levels and vault maps discovered:
D:1:      roderic_dead_forest, layout_basic,
          dreamdust_ecumenical_altar_sealed_demon
D:2:      layout_rooms, serial_corexii_hall, corexii_hall_statues_t,
          corexii_hall_statues_x, minmay_heptomino_h4
D:3:      layout_rooms, nicolae_underground_beach, uniq_crazy_yiuf_cottage
D:4:      minmay_octagon_keep, layout_loops_ring, chequers_serial_rivers_room_a,
          uniq_edmund, uniq_menkaure, uniq_eustachio

Skill      XL: |  1  2  3  4  5 |
---------------+----------------+-----
Conjurations   | 2 3 |  3.0
Fighting       | 1 |  1.8
Fire Magic     | 1 |  1.9
Air Magic      | 5 |  5.4
Armour         | |  0.9
Dodging        | |  2.1
Stealth        | |  2.0
Spellcasting   | |  2.7

Action                   |  1- 3 |  4- 6 || total
-------------------------+-------+-------++-------
Melee: Club              |    33 |    39 ||    72
       Kick              |    10 |    12 ||    22
       Peck              |     3 |     6 ||     9
       Quarterstaff      |       |     6 ||     6
 Cast: Shock             |    43 |    21 ||    64
       Static Discharge  |     3 |    12 ||    15
  Use: Scroll            |       |     5 ||     5
       Potion            |       |     3 ||     3
 Stab: Sleeping          |     1 |     2 ||     3
Armor: Robe              |    13 |    18 ||    31
Dodge: Dodged            |    45 |    38 ||    83
